 Dungeon Crawl Stone Soup version 0.31-a0-354-g827e0957a7 (webtiles) character file.

Game seed: 387443935114626028

232 AdnanSaban the Covered (level 6, -8/38 HPs)
             Began as a Gargoyle Fighter on July 24, 2023.
             Splashed by a jelly's acid (11 damage)
             ... on level 4 of the Dungeon.
             The game lasted 00:02:11 (2670 turns).

AdnanSaban the Covered (Gargoyle Fighter)           Turns: 2670, Time: 00:02:13

Health: -8/38      AC:  6    Str: 22    XL:     6   Next: 4%
Magic:  6/6        EV:  8    Int:  8    God:
Gold:   189        SH:  4    Dex:  9    Spells: 5/5 levels left

rFire   . . .        o - +4 whip
rCold   . . .        c - +0 buckler
rNeg    + . .        n - +0 chain mail
rPois   ∞            (no helmet)
rElec   +            (no cloak)
rCorr   .            (no gloves)
SInv    .            (no boots)
Will    .....        (no amulet) Stlth
                     (no ring)
HPRegen 0.26/turn    (no ring)
MPRegen 0.10/turn

%: no passive effects
@: corroded
A: sickness immunity, AC +4, negative energy resistance 1, electricity
resistance, torment resistance 1, petrification resistance
a: no special abilities


You were on level 4 of the Dungeon.
You visited 1 branch of the dungeon, and saw 4 of its levels.

You collected 189 gold pieces.

Inventory:

Hand Weapons
 o - a +4 whip (weapon)
Missiles
 h - 12 poisoned darts
Armour
 c - a +0 buckler (worn)
 n - a +0 chain mail (worn)
Scrolls
 a - a scroll of torment {unknown}
 e - a scroll of noise {unknown}
 f - 7 scrolls of identify {unknown}
 j - a scroll of fear {unknown}
 k - a scroll of fog {unknown}
 m - 3 scrolls of amnesia {unknown}
 q - a scroll of enchant armour {unknown}
Potions
 b - 2 potions of lignification {unknown}
 d - 4 potions of might
 g - a potion of haste {unknown}
 i - a potion of attraction {unknown}
 l - 2 potions of curing {unknown}
 p - a potion of heal wounds {unknown}


   Skills:
 + Level 4.1 Fighting
 + Level 4.2 Maces & Flails
 + Level 4.4 Armour
 + Level 0.8 Dodging
 + Level 4.0 Shields


You had 5 spell levels left.
You didn't know any spells.
Your spell library contained the following spells:

 Spells                   Type           Power      Damage    Failure   Level
 Lesser Beckoning         Tloc           0%         N/A       99%         2
 Gell's Gravitas          Tloc           0%         N/A       100%        3
 Teleport Other           Tloc           0%         N/A       100%        3


Dungeon Overview and Level Annotations

Branches:
Dungeon (4/15)
 Temple: D:4-7

Altars:
Yredelemnul


Innate Abilities, Weirdness & Mutations

You are immune to sickness and miasma.
Your stone body is resilient. (AC +4)
You are immune to poison.
You resist negative energy. (rN+)
You are resistant to electric shocks. (rElec)
You are resistant to unholy torment.
You are immune to petrification.


Message History

The jelly jiggles.
You hit the jelly. The acid corrodes you!
Your hands burn!
The jelly is moderately wounded.
The jelly hits you. The acid corrodes you!
You are splashed with acid!
You barely miss the jelly.
The jelly is moderately wounded.
The jelly hits you.
You are splashed with acid!
You are too injured to fight recklessly!
You are too injured to fight recklessly!
You are too injured to fight recklessly!
You are too injured to fight recklessly!
You are too injured to fight recklessly!
You are too injured to fight recklessly!
You are too injured to fight recklessly!
You are too injured to fight recklessly!
You are too injured to fight recklessly!
You are too injured to fight recklessly!
You are too injured to fight recklessly!
You are too injured to fight recklessly!
You are too injured to fight recklessly!
You are too injured to fight recklessly!
You hit the jelly.
Your hands burn!
* * * LOW HITPOINT WARNING * * *
The jelly is heavily wounded.
You block the jelly's attack.
You hit the jelly but do no damage.
Your hands burn!
* * * LOW HITPOINT WARNING * * *
The jelly is heavily wounded.
The jelly barely misses you.
You hit the jelly.
Your hands burn!
* * * LOW HITPOINT WARNING * * *
The jelly is almost dead.
You block the jelly's attack.
You hit the jelly.
Your hands burn!
* * * LOW HITPOINT WARNING * * *
The jelly is almost dead.
The jelly hits you.
* * * LOW HITPOINT WARNING * * *
You are splashed with acid!
You die...

#.#.# #.........
#...###.........
#...........####
#.#####.....#
#.# ####### #.#
##.##
######...##
#...J@...<#
#.####....#
##.#.# #....#
#..#.# ...#...
.#####.


You could see a jelly.

Vanquished Creatures
  A scorpion (D:3)
  A hound (D:4)
  2 orc wizards
  An adder (D:3)
  2 worms (D:2)
  2 dart slugs
  12 orcs
  2 bats
  7 endoplasms
  2 giant cockroaches
  7 goblins
  2 hobgoblins (D:2)
  4 quokkas
  6 ball pythons
  6 frilled lizards
  5 kobolds
  5 rats
67 creatures vanquished.

Notes
Turn   | Place    | Note
-------+----------+-------------------------------------------
     0 | D:1      | AdnanSaban the Gargoyle Fighter began the quest for the
                  | Orb.
     0 | D:1      | Reached XP level 1. HP: 14/14 MP: 1/1
   179 | D:1      | Reached XP level 2. HP: 19/19 MP: 2/2
   890 | D:2      | Reached XP level 3. HP: 20/23 MP: 3/3
  1579 | D:3      | Reached XP level 4. HP: 21/29 MP: 4/4
  1944 | D:3      | Found a faded altar of an unknown god.
  1987 | D:3      | Noticed a scorpion
  1998 | D:3      | Killed a scorpion
  1999 | D:3      | Reached XP level 5. HP: 29/33 MP: 5/5
  2420 | D:4      | Found a basalt altar of Yredelemnul.
  2510 | D:4      | Reached XP level 6. HP: 38/38 MP: 6/6
  2670 | D:4      | Splashed by a jelly's acid

Illustrated notes

Levels and vault maps discovered:
D:1:      lordsloth_arrival_two_stooges, layout_basic
D:2:      layout_loops_ring, grunt_ministairs_13, amcnicky_mini_pool_small,
          lightli_corner_chamber
D:3:      layout_loops_ring, hellmonk_ecumenical_altar_defaced_shrine
D:4:      layout_loops_ring, mainiacjoe_overflow_small_starburst

Skill      XL: |  1  2  3  4  5 |
---------------+----------------+-----
Maces & Flails | 3 4 |  4.2
Armour         | 4 |  4.4
Fighting       | 4 |  4.1
Shields        | 4 |  4.0
Dodging        | |  0.8

Action                     |  1- 3 |  4- 6 || total
---------------------------+-------+-------++-------
  Melee: Flail             |   104 |    66 ||   170
         Whip              |       |    68 ||    68
 Armour: Scale mail        |    36 |       ||    36
         Chain mail        |    10 |    89 ||    99
  Dodge: Dodged            |    43 |    47 ||    90
  Block: Buckler           |    26 |    29 ||    55

Table legend: (Time is in decaauts)
 A = Elapsed time spent in this place.
 B = Non-inter-level travel time spent in this place.
 C = Inter-level travel time spent in this place.
 D = Time resting spent in this place.
 E = Time spent auto-exploring this place.
 F = Levels seen in this place.
 G = Mean time per level.
                   A        B        C        D        E       F      G
               +--------+--------+--------+--------+--------+-----+--------+
         Total |   2716 |   2603 |    113 |      0 |   2088 |   4 |  679.0 |
       Dungeon |   2716 |   2603 |    113 |      0 |   2088 |   4 |  679.0 |
               +--------+--------+--------+--------+--------+-----+--------+

Top non-repeatable levels by time:
     D:2: 841 daAuts
     D:3: 832 daAuts
     D:1: 750 daAuts
     D:4: 291 daAuts
